 Dungeon Crawl Stone Soup version 0.28.0 (webtiles) character file.

Game seed: 16266564842097439384

1703 blackman the Cleaver (level 8, -3/64 HPs)
             Began as a Minotaur Fighter on Feb 5, 2022.
             Was a Priest of Okawaru.
             Slain by an orc warrior (10 damage)
             ... on level 6 of the Dungeon.
             The game lasted 00:06:57 (6928 turns).

blackman the Cleaver (Minotaur Fighter)             Turns: 6928, Time: 00:06:58

Health: -3/64      AC:  6    Str: 23    XL:     8   Next: 73%
Magic:  7/7        EV:  9    Int:  5    God:    Okawaru [***...]
Gold:   168        SH:  4    Dex: 10    Spells: 7/7 levels left

rFire   . . .      SeeInvis .   w - +1 broad axe (vorpal)
rCold   . . .      Faith    .   c - +0 buckler
rNeg    . . .      Spirit   .   b - +0 scale mail
rPois   .          Reflect  .   (helmet restricted)
rElec   .          Harm     .   (no cloak)
rCorr   .          Rampage  .   (no gloves)
Will    .....                   (no boots)
Stlth   ..........              (no amulet)
HPRegen 0.20/turn               (no ring)
MPRegen 0.10/turn               (no ring)

@: no status effects
A: horns 2, retaliatory headbutt
a: Renounce Religion, Heroism


You were on level 6 of the Dungeon.
You worshipped Okawaru.
Okawaru was most pleased with you.
You visited 1 branch of the dungeon, and saw 6 of its levels.

You collected 248 gold pieces.
You spent 80 gold pieces at shops.

Inventory:

Hand Weapons
 a - a +0 war axe
 w - a +1 vorpal broad axe (weapon)
Armour
 b - a +0 scale mail (worn)
 c - a +0 buckler (worn)
Jewellery
 q - a ring of magical power
Scrolls
 e - 3 scrolls of fear
 f - a scroll of torment
 g - a scroll of noise
 h - a scroll of fog
 i - a scroll of brand weapon {unknown}
 j - 2 scrolls of immolation {unknown}
 l - 2 scrolls of teleportation
 o - 2 scrolls of enchant weapon
 p - a scroll of silence {unknown}
 r - 2 scrolls of enchant armour {unknown}
 s - 3 scrolls of identify
 u - a scroll of holy word {unknown}
 y - a scroll of magic mapping {unknown}
Potions
 d - 2 potions of might
 k - a potion of invisibility {unknown}
 m - a potion of brilliance {unknown}
 n - a potion of attraction {unknown}
 t - 2 potions of ambrosia {unknown}
 v - 2 potions of heal wounds
 x - a potion of haste {unknown}
 z - 3 potions of mutation


   Skills:
 - Level 3.6 Fighting
 + Level 13.4 Axes
 - Level 3.6 Armour
 - Level 3.6 Shields


You had 7 spell levels left.
You didn't know any spells.
Your spell library was empty.

Dungeon Overview and Level Annotations

Branches:
Dungeon (6/15)             Temple (0/1) D:4

Altars:
Dithmenos
Fedhas
Okawaru
Uskayaw
Vehumet
Wu Jian
Xom
Yredelemnul
Zin
The Shining One

Shops:
D:1 !(   D:2 *(((

Annotations:
D:3 1 runed translucent door, Crazy Yiuf, Grinder
D:4 2 runed translucent doors, Strat's ghost, weakling GrDe


Innate Abilities, Weirdness & Mutations

You have a pair of horns on your head.
You reflexively headbutt those who attack you in melee.


Message History

No target in view!
An orc priest comes into view. It is wielding a +0 club.
An orc priest is nearby!
An orc priest is nearby!
An orc priest is nearby!
The orc priest invokes the aid of Beogh against you.
Beogh smites you!
You hear a shout!
Things that are here:
a +0 hand axe; an orc corpse 2 orcs come into view.
The orc shouts!
The orc warrior shouts!
The orc shouts!
You hear a shout!
An orc comes into view. It is wielding a +0 war axe.
You barely miss the orc priest. You headbutt the orc priest.
The orc priest is lightly wounded.
The orc priest barely misses you.
You slash the orc priest!
You kill the orc priest!
Okawaru accepts your kill. The orc barely misses you.
A centaur zombie comes into view.
Things that are here:
a +0 hand axe; an orc corpse
Items here: )) [[ †.
The orc hits you with a +0 hand axe.
You hit the orc warrior but do no damage.
The orc warrior hits you with a +0 mace.
You hit the orc warrior.
The orc warrior is lightly wounded.
The orc warrior hits you with a +0 mace!
* * * LOW HITPOINT WARNING * * *
You closely miss the orc warrior.
The orc warrior is lightly wounded.
The orc warrior hits you with a +0 mace!
* * * LOW HITPOINT WARNING * * *
You hit the orc warrior but do no damage.
Your headbutt misses the orc warrior.
The orc warrior is lightly wounded.
The orc warrior hits you with a +0 mace!
You die...

PZ......###.###...###..)###.
P.......#....#.....#.###)#..
P.......#.....#...#...#...#.
...o..#.....#####...#...##
....#.....#...#...#...#. .
#oo#....#.....#.###.#..
....###.#)oo.##...###...###.
......)...#o##.###.#.....#.#
..#.......#@#...#...#...#...
#####...#.#...#...#####...
#...#.#...#...#...#)..
#......#.###.#.....#.#
#...#..##...###...###.
#...#..#.....#.###.#..
#.......#...#...#.[.#.
#.......#####...#...##
#.......# #...#...#


You could see an orc warrior and 2 orcs.

Vanquished Creatures
  Sigmund (D:4)
  Edmund (D:4)
  An orc warrior (D:6)
  2 ogres (D:5)
  A centaur (D:6)
  2 scorpions
  5 wights (D:6)
  A howler monkey (D:5)
  2 centaur zombies
  A hound (D:5)
  2 bullfrog skeletons
  A gnoll shaman (D:6)
  An orc priest (D:6)
  A centaur skeleton (D:4)
  2 jellies
  3 orc wizards
  Natasha (thrice) (D:3)
  An iguana (D:5)
  6 adders
  11 gnolls
  2 white imps
  An adder zombie (D:3)
  2 worms
  5 dart slugs
  8 orcs
  2 bats (D:2)
  4 endoplasms (D:4)
  3 giant cockroaches
  5 goblins
  7 hobgoblins
  3 quokkas
  6 ball pythons
  A ball python zombie (D:3)
  2 frilled lizards
  4 goblin skeletons (D:5)
  A goblin zombie (D:5)
  3 hobgoblin zombies (D:5)
  8 kobolds
  3 orc zombies (D:5)
  2 rats
120 creatures vanquished.

Vanquished Creatures (others)
  3 fungi (D:3)
  13 plants (D:6)
16 creatures vanquished.

Grand Total: 136 creatures vanquished

Notes
Turn   | Place    | Note
-------+----------+-------------------------------------------
     0 | D:1      | blackman the Minotaur Fighter began the quest for the Orb.
     0 | D:1      | Reached XP level 1. HP: 19/19 MP: 0/0
   243 | D:1      | Found Napuingyown's Weapon Emporium.
   344 | D:1      | Reached skill level 3 in Axes
   438 | D:1      | Reached XP level 2. HP: 21/26 MP: 1/1
   750 | D:1      | Found Evaykeosis's Distillery.
   958 | D:2      | Found Luepnihyqi's Weapon Shoppe.
   980 | D:2      | Reached skill level 4 in Axes
  1003 | D:2      | Reached XP level 3. HP: 27/31 MP: 2/2
  1043 | D:2      | Found Cuerch's Antique Weapon Emporium.
  1180 | D:2      | Found Masaeg's Weapon Shoppe.
  1315 | D:2      | Found a faded altar of an unknown god.
  1321 | D:2      | Prayed at the altar of an unknown god.
  1321 | D:2      | Became a worshipper of Warmaster Okawaru
  1321 | D:2      | Reached * piety under Okawaru
  1464 | D:2      | Found Ohowkiuq's General Store.
  1701 | D:3      | Found a hide-covered altar of Uskayaw.
  1726 | D:3      | Reached skill level 5 in Axes
  1731 | D:3      | Reached XP level 4. HP: 22/39 MP: 3/3
  1974 | D:3      | Found a glowing silver altar of Zin.
  2038 | D:3      | Noticed Natasha
  2043 | D:3      | Killed Natasha
  2044 | D:3      | Reached skill level 6 in Axes
  2208 | D:3      | Noticed Natasha
  2215 | D:3      | Killed Natasha
  2216 | D:3      | Reached XP level 5. HP: 36/45 MP: 4/4
  2390 | D:3      | Noticed Natasha
  2397 | D:3      | Killed Natasha
  2639 | D:3      | Found a basalt altar of Yredelemnul.
  2666 | D:3      | Found a runed translucent door.
  2667 | D:3      | Noticed Crazy Yiuf
  2667 | D:3      | Noticed Grinder
  2726 | D:3      | You fall into a shaft and drop 1 floor!
  2874 | D:4      | Reached skill level 7 in Axes
  2985 | D:3      | Found a shadowy altar of Dithmenos.
  3412 | D:4      | Identified the +1 robe "Erulev" {rN+ Str+4}
  3417 | D:4      | Found a staircase to the Ecumenical Temple.
  3427 | D:4      | Noticed Sigmund
  3437 | D:4      | Reached XP level 6. HP: 25/51 MP: 2/5
  3438 | D:4      | Killed Sigmund
  3438 | D:4      | Reached ** piety under Okawaru
  3439 | D:4      | Reached skill level 8 in Axes
  3635 | D:4      | Reached skill level 9 in Axes
  3661 | D:4      | Noticed Edmund
  3671 | D:4      | Killed Edmund
  3672 | D:4      | Reached XP level 7. HP: 31/57 MP: 6/6
  3718 | D:2      | Bought a +0 vorpal broad axe for 80 gold pieces
  4344 | D:4      | Found a blossoming altar of Fedhas.
  4504 | D:4      | Found a runed translucent door.
  4511 | D:4      | Noticed Strat's ghost (weakling GrDe)
  4575 | D:4      | Reached skill level 10 in Axes
  4714 | D:4      | Found a runed translucent door.
  4859 | D:5      | Entered Level 5 of the Dungeon
  4912 | D:5      | Found a radiant altar of Vehumet.
  4954 | D:5      | Found an ornate altar of the Wu Jian Council.
  5069 | D:5      | Reached *** piety under Okawaru
  5070 | D:5      | Reached skill level 11 in Axes
  5157 | D:5      | Found a glowing golden altar of the Shining One.
  5389 | D:5      | Reached XP level 8. HP: 62/64 MP: 7/7
  5498 | D:5      | Found a shimmering altar of Xom.
  5991 | D:6      | Reached skill level 12 in Axes
  6585 | D:6      | Reached skill level 13 in Axes
  6928 | D:6      | Slain by an orc warrior

Illustrated notes

Levels and vault maps discovered:
D:1:      dpeg_arrival_yet_another_circle, layout_basic, serial_shops,
          nicolae_diamond_shop, nicolae_lakefront_shop
D:2:      layout_loops_ring, dreamdust_ecumenical_altar_angels_and_demons,
          serial_shops, nicolae_shop_bloodbath_and_beyond, shop_fountains,
          nicolae_shop_trees, nicolae_shop_competitors_out_of_business
D:3:      layout_basic, mainiacjoe_overflow_boulevard,
          lemuel_zombie_altar_yredelemnul, mainiacjoe_overflow_alcove_4,
          mainiacjoe_overflow_surrounded_room, serial_corexii_hall,
          chequers_hall_statues_corner_a, chequers_hall_statues_corner_a,
          uniq_crazy_yiuf_cottage, uniq_grinder, uniq_natasha
D:4:      layout_loops_cross, fedhas_altar_4, minmay_temple_entry_sparse_star,
          ebering_ghost_sewer_f, roderic_serpentine_path, uniq_sigmund,
          uniq_edmund
D:5:      layout_basic, mainiacjoe_overflow_six_doors_small,
          nicolae_tso_besieged_by_evil, lemuel_tele_altar,
          nicolae_vehumet_altar_sigil
D:6:      nicolae_cairo_tiling, layout_basic, nicolae_qazlal_eye_of_the_storm,
          mainiacjoe_overflow_chevrons, mainiacjoe_overflow_paths,
          mainiacjoe_overflow_alcove_2, nicolae_overflow_crystal_walls,
          nemelex_altar_shiori

Skill      XL: |  1  2  3  4  5  6  7  8 |
---------------+-------------------------+-----
Axes           | 3 4 5 6 7 9 11 13 | 13.4
Fighting       | |  3.6
Armour         | |  3.6
Shields        | |  3.6

Action                   |  1- 3 |  4- 6 |  7- 9 || total
-------------------------+-------+-------+-------++-------
Melee: War axe           |    70 |    75 |       ||   145
       Headbutt          |    11 |    12 |    16 ||    39
       Broad axe         |       |       |   145 ||   145
Invok: Heroism           |       |     1 |     1 ||     2
  Use: Potion            |     1 |     2 |       ||     3
       Scroll            |       |       |     7 ||     7
Armor: Scale mail        |    34 |    36 |    44 ||   114
Dodge: Dodged            |    29 |    29 |    54 ||   112
Block: Buckler           |    13 |    20 |    22 ||    55
